 Dungeon Crawl Stone Soup version 0.30-a0-23-ge60ba3568b (console) character file.

Game seed: 12023926197825517554

7360 jejorda2 the Impaler (level 11, -2/126 HPs)
             Began as a Merfolk Berserker on Aug 24, 2022.
             Was a Priest of Trog.
             Slain by an orc knight
             ... wielding a +0 halberd
              (21 damage)
             ... in a bailey.
             The game lasted 00:27:09 (9767 turns).

jejorda2 the Impaler (Merfolk Berserker)            Turns: 9767, Time: 00:27:10

Health: -2/126     AC: 15    Str: 28    XL:     11   Next: 14%
Magic:  11/11      EV:  8    Int:  6    God:    Trog [***...]
Gold:   472        SH:  0    Dex: 14    Spells: 10/10 levels left

rFire   + + .      SeeInvis .    a - +7 halberd {drain, *Noise rPois rF+}
rCold   + . .      Faith    .    (shield currently unavailable)
rNeg    + . .      Spirit   .    r - +0 plate armour
rPois   +          Reflect  .    (no helmet)
rElec   +          Harm     .    u - +2 cloak {rPois}
rCorr   .          Rampage  .    (no gloves)
Will    .....                    (no boots)
Stlth   ..........               (no amulet)
HPRegen 0.31/turn                v - ring of protection from fire
MPRegen 0.12/turn                z - ring of Royalty {Fly rElec rC+ rN+ Str+6}

@: berserking, flying, very quick
A: (nimble swimmer 2), mertail
a: Renounce Religion, Berserk, Trog's Hand


You were in a bailey.
You worshipped Trog.
Trog was most pleased with you.
You visited 1 branch of the dungeon, and saw 9 of its levels.
You also visited: Sewer and Bailey.

You collected 520 gold pieces.
You spent 48 gold pieces at shops.

Inventory:

Hand Weapons
 a - the +7 halberd "Diosur" (weapon) {drain, *Noise rPois rF+}
   (You found it in a bailey)

   A truly terrible weapon, it drains the life of any living foe it strikes.
   rF:        It protects you from fire.
   rPois:     It protects you from poison.
   *Noise:    It may make noises in combat.
 b - a +0 trident
 H - a +0 glaive
 I - a +0 halberd
Missiles
 g - 57 stones (quivered)
 h - 16 boomerangs
 n - 4 javelins
 w - 3 throwing nets
 D - an atropa-tipped dart
 E - a boomerang of dispersal
 F - 2 poisoned darts
Armour
 r - a +0 plate armour (worn)
 u - a +2 cloak of poison resistance (worn)
Jewellery
 v - a ring of protection from fire (left hand)
 z - the ring of Royalty (right hand) {Fly rElec rC+ rN+ Str+6}
   (You acquired it on level 8 of the Dungeon)

   [ring of strength]

   Str:       It affects your strength (+6).
   rC:        It protects you from cold.
   rElec:     It insulates you from electricity.
   rN:        It protects you from negative energy.
   Fly:       It grants you flight.
Wands
 d - a wand of mindburst (13)
 k - a wand of flame (41)
 A - a wand of quicksilver (8)
Scrolls
 i - 6 scrolls of immolation
 m - 3 scrolls of teleportation
 o - a scroll of enchant armour
 s - 2 scrolls of fog
 x - 2 scrolls of poison
 y - a scroll of blinking
 G - a scroll of magic mapping
Potions
 c - 2 potions of curing
 e - 2 potions of ambrosia
 f - a potion of lignification
 j - a potion of invisibility
 l - a potion of flight
 p - a potion of might
 q - 2 potions of mutation
 t - 3 potions of cancellation
 B - a potion of heal wounds
 C - 2 potions of berserk rage


   Skills:
 + Level 7.5 Fighting
 * Level 17.0 Polearms
 - Level 2.3 Throwing
 - Level 6.0 Armour
 - Level 2.6 Dodging
 + Level 2.8 Evocations


You had 10 spell levels left.
You didn't know any spells.
Your spell library was empty.

Dungeon Overview and Level Annotations

Branches:
Dungeon (9/15)             Temple (0/1) D:4           Sewer (visited)
 Bailey (1/1)
   Lair: D:8-11         Orc: D:9-12

Altars:
Ashenzari
Cheibriados
Elyvilon
Gozag
Hepliaklqana
Makhleb
Nemelex Xobeh
Uskayaw
Vehumet
Xom
Yredelemnul

Shops:
D:5 (   D:8 =(:

Annotations:
D:4 exclusion: statue


Innate Abilities, Weirdness & Mutations

((You are very nimble when in or above water. (Stealth+, EV+, Speed+++)))
Your lower body shifts to a powerful aquatic tail in water.


Message History

You could not reach far enough!
You reach to attack!
You puncture the orc knight!
The orc knight is moderately wounded.
Your ogre barely misses the orc warrior.
Your ogre barely misses the orc.
The orc hits you but does no damage.
The orc knight hits you from afar with a +0 halberd!!
The orc warrior completely misses your ogre.
You are too injured to fight recklessly!
You are too injured to fight recklessly!
Reach: a) +7 halberd {drain, *Noise rPois rF+}
Press: ? - help, Dir - move target, f/p - orc knight
Aim: an orc knight, wielding a +0 halberd and wearing a +0 ring mail (moderately wounded, strong, about 34% to evade the +7 halberd "Diosur")
You could not reach far enough!
Unknown command.
Reach: a) +7 halberd {drain, *Noise rPois rF+}
Press: ? - help, Dir - move target, f/p - orc knight
Aim: an orc knight, wielding a +0 halberd and wearing a +0 ring mail (moderately wounded, strong, about 34% to evade the +7 halberd "Diosur")
You reach to attack!
You slice the orc knight!!
The orc knight is severely wounded.
Your ogre barely misses the orc warrior.
Your ogre misses the orc. The orc hits you but does no damage.
The orc knight hits you from afar with a +0 halberd!!
* * * LOW HITPOINT WARNING * * *
The orc warrior hits your ogre with a +0 spear!
Unknown command.
Reach: a) +7 halberd {drain, *Noise rPois rF+}
Press: ? - help, Dir - move target, f/p - orc knight
Aim: an orc knight, wielding a +0 halberd and wearing a +0 ring mail (heavily wounded, strong, about 34% to evade the +7 halberd "Diosur")
You could not reach far enough!
Unknown command.
Reach: a) +7 halberd {drain, *Noise rPois rF+}
Press: ? - help, Dir - move target, f/p - orc knight
Aim: an orc knight, wielding a +0 halberd and wearing a +0 ring mail (heavily wounded, strong, about 34% to evade the +7 halberd "Diosur")
You could not reach far enough!
Your ogre closely misses the orc warrior.
Your ogre barely misses the orc.
The orc hits you from afar with a +0 halberd!
* * * LOW HITPOINT WARNING * * *
The orc knight hits you from afar with a +0 halberd!!
You die...

..~~~~~~~~~##~~~~~~~##~~~~~~~~~..
..~~~~~~~~##~~#'#'#~~##~~~~~~~~..
..~~~~~~~~#~~##)#)##~~#~~~~~~~~..
..~~~~~~~##~#########~##~~~~~~~..
..~~~~~~~##~')#?.)#['~##~~~~~~~..
..~~~~~~~##~###.8o###~##~~~~~~~..
..~~~~~~~##~')#ooO#.'~##~~~~~~~..
..~~~~~~~##~####O####~##~~~~~~~..
..~~~~~~~~#~~##∩@∩##~~##~~~~~~~..
..~~~~~~~~##~~#'''##~~~~~~~~~~~..
..~~~~~~~~~##~~~~~##~~~~~~~~~~~..
..~≈≈~≈≈≈~~~##~~~~##~~~~≈≈≈)≈≈~..
..≈≈#)##≈~~~~#######~~~~≈##.#≈≈..
..≈##)∩#≈~~~~~~~~~~~~~~~≈#∩)##≈..
..≈#.)..~~~~~~~~~~~~~~~~~....#≈..
..≈##.##≈~~~~~~~~~~~~~~~≈##.##≈..
..≈≈###≈≈~~~~~~~~~~~~~~~≈≈###≈≈..


You could see an orc knight (strong), an orc warrior (strong, ally target), an
orc (strong) and 2 friendly ogres.

Vanquished Creatures
  A centaur warrior (D:8)
  A two-headed ogre (D:9)
  An unseen horror (D:8)
  Sigmund (D:6)
  2 wyverns
  A vampire (D:9)
  Eustachio (D:6)
  3 yaks (D:8)
  2 steam dragons
  A water moccasin (D:8)
  7 orc warriors (Bailey)
  2 ice beasts
  Pargi (Sewer)
  4 sky beasts
  A black bear (D:6)
  An ogre (D:5)
  8 centaurs
  2 phantoms (D:6)
  3 bullfrogs
  A gnoll sergeant (D:7)
  2 scorpions
  4 necrophages
  7 wights
  A hound (D:6)
  An orc priest (D:3)
  Crazy Yiuf (D:2)
  2 jellies
  2 iguanas
  3 orc wizards (D:5)
  A hound zombie (D:3)
  A mummy (D:4)
  12 gnolls
  A howler monkey zombie (D:3)
  16 adders
  A river rat (D:6)
  A shadow imp (D:8)
  A white imp (D:6)
  An adder zombie (D:3)
  4 worms
  4 dart slugs
  31 orcs
  8 bats
  8 endoplasms
  7 giant cockroaches
  11 goblins
  6 hobgoblins
  8 jackals
  2 quokkas
  3 training dummies (D:8)
  5 ball pythons
  2 frilled lizards
  9 kobolds
  5 rats
215 creatures vanquished.

Vanquished Creatures (collateral kills)
  An orc knight (Bailey)
1 creature vanquished.

Grand Total: 216 creatures vanquished

Notes
Turn   | Place    | Note
-------+----------+-------------------------------------------
     0 | D:1      | jejorda2 the Merfolk Berserker began the quest for the Orb.
     0 | D:1      | Reached XP level 1. HP: 18/18 MP: 1/1
   176 | D:1      | Found a faded altar of an unknown god.
   296 | D:1      | Reached XP level 2. HP: 17/24 MP: 2/2
   756 | D:2      | Reached XP level 3. HP: 12/30 MP: 3/3
  1019 | D:2      | Reached skill level 5 in Polearms
  1221 | D:2      | Reached XP level 4. HP: 26/37 MP: 4/4
  1360 | D:2      | Reached ** piety under Trog
  1642 | D:2      | Found a runed translucent door.
  1643 | D:2      | Noticed Crazy Yiuf
  1846 | D:2      | Killed Crazy Yiuf
  1998 | D:3      | Reached XP level 5. HP: 42/42 MP: 5/5
  2005 | D:3      | Reached skill level 6 in Polearms
  2035 | D:3      | Found an opulent altar of Gozag.
  2119 | D:3      | Found a basalt altar of Yredelemnul.
  2262 | D:3      | Found a burning altar of Makhleb.
  2352 | D:3      | Reached XP level 6. HP: 49/49 MP: 6/6
  2826 | D:4      | Reached skill level 7 in Polearms
  2837 | D:4      | Found a staircase to the Ecumenical Temple.
  3025 | D:4      | Identified the +1 leather armour "Qaag" {rElec rN+ Int+9
                  | Slay-5}
  3229 | D:4      | Reached *** piety under Trog
  3666 | D:4      | Found a radiant altar of Vehumet.
  3906 | D:4      | Reached skill level 5 in Fighting
  3985 | D:4      | Reached XP level 7. HP: 56/56 MP: 7/7
  4173 | D:5      | Entered Level 5 of the Dungeon
  4236 | D:5      | Reached skill level 8 in Polearms
  4337 | D:5      | Found a sparkling altar of Nemelex Xobeh.
  4597 | D:5      | Found a broken altar of Ashenzari.
  4722 | D:5      | Found Vasiz's Weapon Emporium.
  5055 | D:5      | Reached skill level 9 in Polearms
  5055 | D:5      | Reached XP level 8. HP: 64/64 MP: 8/8
  5458 | D:6      | Found a hide-covered altar of Uskayaw.
  5470 | D:6      | Reached skill level 10 in Polearms
  5527 | D:6      | Found a glowing drain.
  5531 | Sewer    | Entered a sewer
  5567 | Sewer    | Noticed Pargi
  5571 | Sewer    | Killed Pargi
  5572 | Sewer    | Reached skill level 11 in Polearms
  5836 | D:6      | Noticed Sigmund
  5841 | D:6      | Killed Sigmund
  5842 | D:6      | Reached XP level 9. HP: 69/69 MP: 9/9
  6007 | D:6      | Noticed Eustachio
  6012 | D:6      | Reached skill level 12 in Polearms
  6019 | D:6      | Reached **** piety under Trog
  6020 | D:6      | Reached skill level 5 in Armour
  6062 | D:6      | Killed Eustachio
  6295 | D:6      | Reached skill level 13 in Polearms
  6505 | D:6      | Found a snail-covered altar of Cheibriados.
  7245 | D:7      | Reached skill level 14 in Polearms
  7245 | D:7      | Reached XP level 10. HP: 66/76 MP: 10/10
  7465 | D:7      | Found a shimmering altar of Xom.
  7562 | D:7      | Found a white marble altar of Elyvilon.
  7846 | D:8      | Identified the +4 hand axe of Darkness {drain, Str+2}
  7925 | D:8      | Found Dyerrass's Jewellery Shop.
  7997 | D:8      | Identified a scroll of acquirement
  7998 | D:8      | Acquired the ring of Royalty {Fly rElec rC+ rN+ Str+6}
  8048 | D:8      | Reached skill level 15 in Polearms
  8223 | D:8      | Found a hazy altar of Hepliaklqana.
  8256 | D:8      | Found Cexzyong's Firing Range.
  8268 | D:8      | Bought 5 boomerangs for 30 gold pieces
  8268 | D:8      | Bought 3 boomerangs for 18 gold pieces
  8312 | D:8      | Noticed a centaur warrior
  8319 | D:8      | Killed an unseen horror
  8326 | D:8      | Killed a centaur warrior
  8327 | D:8      | Reached skill level 16 in Polearms
  8406 | D:8      | Found Cuimm's Book Emporium.
  8868 | D:9      | Noticed a two-headed ogre
  8876 | D:9      | Killed a two-headed ogre
  8877 | D:9      | Reached skill level 1 in Throwing
  8877 | D:9      | Reached skill level 1 in Evocations
  8957 | D:9      | Found a flagged portal.
  9015 | Bailey   | Entered a bailey
  9257 | Bailey   | Reached XP level 11. HP: 62/84 MP: 11/11
  9755 | Bailey   | Identified the +7 halberd "Diosur" {drain, *Noise rPois
                  | rF+}
  9757 | Bailey   | Noticed an orc knight
  9757 | Bailey   | Noticed an orc knight
  9761 | Bailey   | Killed an orc knight
  9762 | Bailey   | Reached skill level 17 in Polearms
  9767 | Bailey   | Slain by an orc knight

Illustrated notes

Levels and vault maps discovered:
D:1:      scummos_arrival_hexagon, layout_rooms,
          hellmonk_ecumenical_altar_blasted, serial_rivers,
          chequers_serial_rivers_room_a, chequers_serial_rivers_micro_a,
          chequers_serial_rivers_room_a, chequers_serial_rivers_small_a
D:2:      layout_basic, minmay_box_of_dots, uniq_crazy_yiuf_cottage
D:3:      layout_basic, bloody_makhleb, grunt_gozag_statues,
          nicolae_yredelemnul_corpse_copse, kennysheep_generic_room_16
D:4:      layout_loops_corners, vehumet_statue, minmay_temple_entry_large_hall,
          gup_ossuary_entry_pyramid, grunt_decor_arrowhead, minmay_puff
D:5:      layout_loops_ring, nemelex_xobeh_ov_fountains_minmay,
          amcnicky_altar_gilded, nicolae_wooded_promenade
D:6:      layout_loops_corners, kennysheep_slug_shrine, kennysheep_mini_moat,
          gup_sewer_entry_bowl, st_stairs_8, minmay_misc_feat_five,
          centaur_isle, uniq_sigmund, uniq_eustachio
D:7:      layout_basic, old_standard_altar, lemuel_round_altar
D:8:      layout_loops_ring, nicolae_hepliaklqana_hippocampus, serial_shops,
          shop, nicolae_shop_trees, minmay_splitting_lines,
          small_chamber_with_monster, nicolae_shop_firing_range
D:9:      layout_cave_pods, enter_bailey_7
Bailey:   bailey_polearm_2, bailey

Skill      XL: |  1  2  3  4  5  6  7  8  9 10 11 |
---------------+----------------------------------+-----
Polearms       | 5 6 7 9 11 14 16 17 | 17.0
Armour         | 2 3 4 5 6 |  6.0
Fighting       | 4 5 6 7 |  7.5
Throwing       | 2 |  2.3
Evocations     | 2 |  2.8
Dodging        | |  2.6

Action                   |  1- 3 |  4- 6 |  7- 9 | 10-12 || total
-------------------------+-------+-------+-------+-------++-------
Melee: Spear             |   127 |   158 |       |       ||   285
       Tailslap          |     1 |       |       |       ||     1
       Halberd           |       |    36 |   317 |   180 ||   533
       Trident           |       |    18 |       |       ||    18
Throw: Stone             |       |     2 |     1 |     1 ||     4
Invok: Berserk           |       |     4 |     6 |     4 ||    14
       Trog's Hand       |       |     1 |     4 |     3 ||     8
       Brothers in Arms  |       |       |       |     2 ||     2
Evoke: Wand              |       |       |     2 |       ||     2
  Use: Scroll            |       |     8 |    12 |     4 ||    24
       Potion            |       |       |     2 |     1 ||     3
Armor: Animal skin       |    11 |       |       |       ||    11
       Ring mail         |    23 |    33 |       |       ||    56
       Plate armour      |       |    76 |   253 |    73 ||   402
Dodge: Dodged            |    61 |    73 |   128 |    49 ||   311
Block: Buckler           |    14 |       |       |       ||    14

Table legend: (Time is in decaauts)
 A = Elapsed time spent in this place.
 B = Non-inter-level travel time spent in this place.
 C = Inter-level travel time spent in this place.
 D = Time resting spent in this place.
 E = Time spent auto-exploring this place.
 F = Levels seen in this place.
 G = Mean time per level.
                   A        B        C        D        E       F      G
               +--------+--------+--------+--------+--------+-----+--------+
         Total |   9672 |   9030 |    642 |   1130 |   5861 |  11 |  879.3 |
       Dungeon |   8774 |   8132 |    642 |    765 |   5491 |   9 |  974.9 |
         Sewer |    212 |    212 |      0 |     51 |    121 |   1 |  212.0 |
        Bailey |    685 |    685 |      0 |    314 |    248 |   1 |  685.0 |
               +--------+--------+--------+--------+--------+-----+--------+

Top non-repeatable levels by time:
     D:6: 1439 daAuts
     D:4: 1361 daAuts
     D:2: 1271 daAuts
     D:5: 1252 daAuts
     D:8: 955 daAuts
     D:3: 815 daAuts
     D:7: 802 daAuts
     D:1: 703 daAuts
  Bailey: 685 daAuts
   Sewer: 212 daAuts
     D:9: 173 daAuts
